 Dungeon Crawl Stone Soup version 0.21.1-72-gffa868e0fe (webtiles) character file.

501 Pisosu the Chopper (level 6, -5/53 HPs)
             Began as a Minotaur Fighter on Aug 3, 2018.
             Slain by a two-headed ogre
             ... wielding a +0 giant spiked club
              (6 damage)
             ... on level 8 of the Dungeon.
             The game lasted 00:10:16 (3024 turns).

Pisosu the Chopper (Minotaur Fighter)               Turns: 3024, Time: 00:10:17

Health: -5/53      AC: 13    Str: 23    XL:     6   Next: 95%
Magic:  0/5        EV:  6    Int:  5    God:
Gold:   226        SH: 10    Dex:  9    Spells: 5/5 levels left

rFire    . . .     SeeInvis .   t - +1 hand axe (flame)
rCold    + . .     Gourm    .   c - +0 shield
rNeg     . . .     Faith    .   y - +0 chain mail
rPois    .         Spirit   +   (helmet restricted)
rElec    .         Reflect  .   e - +1 cloak
rCorr    .         Harm     .   (no gloves)
MR       .....                  v - +0 pair of boots
Stlth    ..........             w - amulet of guardian spirit
HPRegen  0.17/turn              q - ring of protection from cold
MPRegen  0.09/turn              (no ring)

@: no status effects
A: retaliatory headbutt, horns 2
a: no special abilities


You were on level 8 of the Dungeon.
You were very full.

You visited 1 branch of the dungeon, and saw 6 of its levels.

You collected 226 gold pieces.

Inventory:

Hand Weapons
 t - a +1 hand axe of flaming (weapon)
Missiles
 u - a throwing net (quivered)
Armour
 c - a +0 shield (worn)
 e - a +1 cloak (worn)
 v - a +0 pair of boots (worn)
 y - a +0 chain mail (worn)
Jewellery
 a - an uncursed amulet of the gourmand
 q - a ring of protection from cold (left hand)
 w - an amulet of guardian spirit (around neck)
Scrolls
 g - 3 scrolls of enchant weapon {unknown}
 h - 2 scrolls of immolation {unknown}
 j - 2 scrolls of amnesia {unknown}
 k - a scroll of fog {unknown}
 l - 3 scrolls of remove curse {unknown}
 m - 3 scrolls of identify {unknown}
 o - 3 scrolls of enchant armour {unknown}
 r - a scroll of teleportation {unknown}
 s - a scroll of random uselessness {unknown}
 x - a scroll of magic mapping {unknown}
Potions
 d - a potion of might
 i - 3 potions of curing {unknown}
 n - 2 potions of flight {unknown}
 p - a potion of heal wounds {unknown}
Books
 b - a book of Misfortune

   Spells                             Type                      Level
   a - Confusing Touch                Hexes                        1
   b - Confuse                        Hexes                        3
   c - Gell's Gravitas                Translocation                3
   d - Petrify                        Transmutation/Earth          4
   e - Metabolic Englaciation         Hexes/Ice                    5
   f - Yara's Violent Unravelling     Hexes/Transmutation          5
Comestibles
 f - 8 rations


   Skills:
 + Level 4.7 Fighting
 + Level 6.1 Axes
 + Level 5.0 Armour
 + Level 1.4 Dodging
 + Level 0.1 Stealth
 + Level 5.5 Shields


You had 5 spell levels left.
You didn't know any spells.

Dungeon Overview and Level Annotations

Branches:
Dungeon (5/15)               Lair (0/6) D:8
 Temple: D:4-7

Altars:
Ashenzari
Uskayaw

Shops:
D:5 (

Annotations:
D:5 Eustachio


Innate Abilities, Weirdness & Mutations

You reflexively headbutt those who attack you in melee.
You have a pair of horns on your head.


Message History

There is an open door here.
Found 15 stones.
Found a ration.
An orc wizard comes into view. It is wielding an enchanted dagger.
The orc wizard shouts!
An orc warrior and an orc priest come into view.
Okay, then.
You hit the two-headed ogre but do no damage.
The two-headed ogre hits you with a giant spiked club!!
The two-headed ogre hits you with a giant club!
You hit the two-headed ogre. You burn the two-headed ogre.
The two-headed ogre is lightly wounded.
The two-headed ogre hits you with a giant spiked club!
The two-headed ogre hits you with a giant club!!
* * * LOW HITPOINT WARNING * * *
You hit the two-headed ogre. You burn the two-headed ogre.
You headbutt the two-headed ogre!
The two-headed ogre is moderately wounded.
The two-headed ogre hits you with a giant spiked club.
You die...

..... .....
..%# .o(
#.# ##'##
##...##
##.....##
##.....@.##
#......O..#
+.........+
../
#.........#
#.#
##.......##
#.#
##.....##
#.# ##...##
### ...
##'#......#
#.#
#.#.####.#


You could see a two-headed ogre and an orc wizard.

Vanquished Creatures
  A scorpion (D:4)
  2 jellies (D:8)
  3 orc priests (D:4)
  2 orc wizards (D:4)
  2 worker ants (D:4)
  Robin (D:2)
  5 adders
  An ooze (D:4)
  2 worms (D:2)
  A dart slug (D:4)
  2 leopard geckos (D:2)
  15 orcs
  4 giant cockroaches
  18 goblins
  11 hobgoblins
  12 jackals
  9 kobolds
  A quokka (D:3)
  A ball python (D:3)
  7 bats
  5 frilled lizards
  9 rats
114 creatures vanquished.

Notes
Turn   | Place    | Note
-------+----------+-------------------------------------------
     0 | D:1      | Pisosu the Minotaur Fighter began the quest for the Orb.
     0 | D:1      | Reached XP level 1. HP: 19/19 MP: 0/0
    34 | D:1      | Reached XP level 2. HP: 16/27 MP: 1/1
   260 | D:1      | Reached skill level 3 in Axes
   583 | D:2      | Reached XP level 3. HP: 33/33 MP: 2/2
   753 | D:2      | Noticed Robin
   784 | D:2      | Killed Robin
   784 | D:2      | Reached XP level 4. HP: 39/40 MP: 3/3
   830 | D:2      | Reached skill level 4 in Axes
  1351 | D:3      | Reached XP level 5. HP: 47/47 MP: 4/4
  1705 | D:4      | Reached skill level 1 in Dodging
  1787 | D:4      | Reached skill level 5 in Axes
  1986 | D:4      | Noticed a hand axe
  1987 | D:4      | Found a hide-covered altar of Uskayaw.
  1987 | D:4      | Noticed an enchanted hand axe
  2053 | D:4      | Reached skill level 5 in Shields
  2053 | D:4      | Reached XP level 6. HP: 26/53 MP: 5/5
  2608 | D:4      | Found a shattered altar of Ashenzari.
  2900 | D:5      | Entered Level 5 of the Dungeon
  2900 | D:5      | Found Becvyisa's Antique Weapon Boutique.
  2946 | D:5      | Noticed Eustachio
  2950 | D:5      | You fall through a shaft for 3 floors!
  2957 | D:8      | Found a staircase to the Lair.
  2960 | D:8      | Reached skill level 6 in Axes
  2960 | D:8      | Reached skill level 5 in Armour
  2992 | D:8      | Noticed a two-headed ogre
  3020 | D:8      | Noticed an orc warrior
  3023 | D:8      | HP: 1/53 [two-headed ogre/giant spiked club (19)]
  3024 | D:8      | Slain by a two-headed ogre

Skill      XL: |  1  2  3  4  5  6 |
---------------+-------------------+-----
Axes           | 3 4 5 6 |  6.1
Fighting       | 4 |  4.7
Armour         | 4 5 |  5.0
Shields        | 4 5 |  5.5
Dodging        | 1 |  1.4
Stealth        | |  0.1

Action                   |  1- 3 |  4- 6 || total
-------------------------+-------+-------++-------
Melee: War axe           |    98 |    69 ||   167
       Headbutt          |    13 |    26 ||    39
       Hand axe          |       |   127 ||   127
  Eat: Chunk             |       |    22 ||    22
Armor: Scale mail        |    49 |    62 ||   111
       Chain mail        |       |     2 ||     2
Dodge: Dodged            |    38 |    45 ||    83
Block: Shield            |    58 |    90 ||   148
